 Dungeon Crawl Stone Soup version 0.31-a0-496-g6f97920a28 (webtiles) character file.

Game seed: 5479021660874607307

74 Edyrem the Sneak (level 4, 25/28 HPs)
             Began as a Kobold Brigand on Aug 8, 2023.
             Quit the game on level 3 of the Dungeon on Aug 16, 2023.
             The game lasted 00:03:15 (1496 turns).

Edyrem the Sneak (Kobold Brigand)                   Turns: 1496, Time: 00:03:15

Health: 25/28      AC:  4    Str:  8    XL:     4   Next: 54%
Magic:  4/4        EV: 20    Int: 12    God:
Gold:   74         SH:  0    Dex: 18    Spells: 3/3 levels left

rFire   . . .        a - +2 dagger
rCold   . . .        (no shield)
rNeg    . . .        b - +0 robe
rPois   .            j - +0 helmet
rElec   .            c - +0 cloak
rCorr   .            (no gloves)
SInv    .            (no boots)
Will    .....        (no amulet)
Stlth   ++++         q - +5 ring of evasion
HPRegen 0.24/turn    (no ring)
MPRegen 0.09/turn

%: no passive effects
@: no status effects
A: small, no large weapons, nightstalker 3
a: no special abilities


You were on level 3 of the Dungeon.
You visited 1 branch of the dungeon, and saw 3 of its levels.

You collected 74 gold pieces.

Inventory:

Hand Weapons
 a - a +2 dagger (weapon)
 g - a +1 whip of electrocution
 m - a +1 dagger of venom
 o - a +2 sling of freezing
Missiles
 d - 11 poisoned darts (quivered)
 e - 3 curare-tipped darts
Armour
 b - a +0 robe (worn)
 c - a +0 cloak (worn)
 j - a +0 helmet (worn)
Jewellery
 h - an amulet of magic regeneration
 q - a +5 ring of evasion (left hand)
Scrolls
 f - 2 scrolls of identify {unknown}
 k - 3 scrolls of revelation {unknown}
Potions
 i - a potion of attraction {unknown}
 l - a potion of might {unknown}
 n - a potion of mutation {unknown}
 p - a potion of invisibility {unknown}
 r - a potion of enlightenment {unknown}


   Skills:
 + Level 3.1 Fighting
 + Level 3.7 Short Blades
 - Level 2.1 Throwing
 + Level 2.5 Dodging
 + Level 6.0 Stealth


You had 3 spell levels left.
You didn't know any spells.
Your spell library was empty.

Dungeon Overview and Level Annotations

Branches:
Dungeon (3/15)

Altars:
Hepliaklqana


Innate Abilities, Weirdness & Mutations

You are small and have problems with some larger weapons.
You are completely attuned to the shadows.


Message History

You feel sick.
You are no longer poisoned.
The ball python completely misses you. The ball python barely misses you.
You hit the ball python but do no damage.
The ball python is severely wounded.
The ball python bites you. The ball python barely misses you.
You hit the ball python.
You kill the ball python!
Your Stealth skill increases to level 6!
You hit the goblin.
The goblin is heavily wounded.
You closely miss the goblin.
The goblin is heavily wounded.
The goblin misses you.
You hit the goblin.
You kill the goblin!
Items here: ) †††.
g - a +0 club You drop a +0 club.
A ball python comes into view.
Found a notched coral ring and a coppery potion.
You start resting.
A ball python is nearby!
You closely miss the ball python. The ball python misses you.
The ball python barely misses you.
You hit the ball python.
You kill the ball python!
Items here: ) †††.
Things that are here:
a +1 whip of electrocution; a kobold corpse
g - a +1 whip of electrocution
Found 7 gold pieces.
q - a +5 ring of evasion You now have 74 gold pieces (gained 7).
r - a coppery potion
q - a +5 ring of evasion (left hand)
Your library has no spells.
Welcome back, Edyrem the Kobold Brigand.
Press ? for a list of commands and other information.
Are you sure you want to abandon this character and quit the game? (Confirm with "yes".)

.... .#!#..##
....##.##....
....#.#...>.$
..##)##.....#
..#.#...<....
####.##..##...#
#...#.....#...#
#...#.†........
#@..#....###.##
####.##....
....#.#....
.#.. #.##.. ##.
#.# ## #.


There were no monsters in sight!

Vanquished Creatures
  3 adders (D:3)
  A worm (D:2)
  5 bats (D:1)
  3 endoplasms
  2 giant cockroaches (D:1)
  2 goblins
  7 hobgoblins
  A jackal (D:3)
  2 kobolds
  2 quokkas (D:2)
  10 ball pythons
  4 rats
42 creatures vanquished.

Notes
Turn   | Place    | Note
-------+----------+-------------------------------------------
     0 | D:1      | Edyrem the Kobold Brigand began the quest for the Orb.
     0 | D:1      | Reached XP level 1. HP: 12/12 MP: 1/1
   202 | D:1      | Reached XP level 2. HP: 18/18 MP: 2/2
   228 | D:1      | Found a faded altar of an unknown god.
   568 | D:1      | Reached XP level 3. HP: 22/22 MP: 3/3
   819 | D:2      | Found a hazy altar of Hepliaklqana.
  1406 | D:3      | Reached XP level 4. HP: 11/27 MP: 4/4
  1431 | D:3      | Reached skill level 6 in Stealth
  1496 | D:3      | Quit the game

Illustrated notes

Levels and vault maps discovered:
D:1:      eino_arrival_water_cross, layout_basic, shapermc_ecumenical_altar_venn
D:2:      layout_basic, basic_altar, kennysheep_decorative_pillar,
          minmay_misc_feat_cross
D:3:      layout_basic, minmay_vboxes, uniq_terence

Skill      XL: |  1  2  3  4 |
---------------+-------------+-----
Short Blades   | 3 |  3.7
Dodging        | 2 |  2.5
Fighting       | 3 |  3.1
Stealth        | 6 |  6.0
Throwing       | |  2.1

Action                     |  1- 3 |  4- 6 || total
---------------------------+-------+-------++-------
  Melee: Dagger            |    68 |    29 ||    97
    Use: Potion            |     1 |     1 ||     2
   Stab: Sleeping          |    26 |       ||    26
         Distracted        |     1 |       ||     1
 Armour: Robe              |     5 |     2 ||     7
  Dodge: Dodged            |    26 |    23 ||    49

Table legend: (Time is in decaauts)
 A = Elapsed time spent in this place.
 B = Non-inter-level travel time spent in this place.
 C = Inter-level travel time spent in this place.
 D = Time resting spent in this place.
 E = Time spent auto-exploring this place.
 F = Levels seen in this place.
 G = Mean time per level.
                   A        B        C        D        E       F      G
               +--------+--------+--------+--------+--------+-----+--------+
         Total |   1479 |   1435 |     44 |      4 |   1133 |   3 |  493.0 |
       Dungeon |   1479 |   1435 |     44 |      4 |   1133 |   3 |  493.0 |
               +--------+--------+--------+--------+--------+-----+--------+

Top non-repeatable levels by time:
     D:2: 686 daAuts
     D:1: 686 daAuts
     D:3: 106 daAuts
